 Dungeon Sprint DCSS version 0.31-a0-507-gbafd7f5274 (webtiles) character file.

Game seed: 8552357444559758240

163 hellse the Ruffian (level 5, -11/57 HPs)
             Began as a Troll Shapeshifter on Aug 9, 2023.
             Mangled by a human
             ... wielding a +0 short sword
              (13 damage)
             ... in the Dungeon (Sprint III: "The Ten Rune Challenge").
             The game lasted 00:00:34 (144 turns).

hellse the Ruffian (Troll Shapeshifter)              Turns: 144, Time: 00:00:35

Health: -11/57     AC:  4    Str: 23    XL:     5   Next: 20%
Magic:  4/4        EV: 10    Int:  4    God:
Gold:   35         SH:  0    Dex: 12    Spells: 4/4 levels left

rFire   . .          .
                       - Unarmed
rCold   . . .        (no shield)
rNeg    . . .        a - +0 animal skin
rPois   .            (helmet currently unavailable)
rElec   .            (cloak currently unavailable)
rCorr   .            (gloves unavailable)
SInv    .            (boots unavailable)
Will    .....        (no amulet)
Stlth   +            (no ring)
HPRegen 1.09/turn    (no ring)
MPRegen 0.09/turn

%: no teleportation
@: beast-form
A: beast (slay +3), large, unfitting armour, claws 3, regeneration 1, shaggy fur
1, tough skin 1
a: Begin Untransformation


You were in the Dungeon.
You were a hulking beast.
You visited 1 branch You collected 35 gold pieces.

Inventory:

Armour
 a - a +0 animal skin (worn)
Talismans
 c - a beast talisman (active)
 d - a flux talisman
Scrolls
 j - a scroll of blinking
 k - 3 scrolls of poison {unknown}
 l - a scroll of enchant weapon {unknown}
 n - 2 scrolls of identify
Potions
 b - a potion of lignification
 e - 2 potions of curing
 g - 2 potions of haste
 h - 2 potions of magic
 i - a potion of berserk rage
 m - a potion of attraction {unknown}
 o - a potion of enlightenment {unknown}


   Skills:
 + Level 5.1 Fighting
 - Level 1.5 Dodging
 + Level 6.7 Unarmed Combat
 + Level 5.9 Shapeshifting


You had 4 spell levels left.
You didn't know any spells.
Your spell library was empty.

Dungeon Overview and Level Annotations

Branches:
Dungeon (1/1)

Altars:


Innate Abilities, Weirdness & Mutations

You are a hulking beast.
Your limbs bulge with bestial killing power. (Slay +3)
You are too large for most types of armour.
You have claws for hands.
Your natural rate of healing is unusually fast.
You are covered in fur. (AC +1)
You have tough skin. (AC +1)


Message History

The water elemental hits you!
* * * LOW HITPOINT WARNING * * *
You hear a shout!
You feel much better.
* * * LOW HITPOINT WARNING * * *
Your lungs strain for air!
You hear a shout!
The water elemental hits you!
* * * LOW HITPOINT WARNING * * *
You mangle the water elemental!!
You destroy the water elemental!
The water engulfing you falls away.
You gasp with relief as air once again reaches your lungs.
Your Fighting skill increases to level 5!
Your Unarmed Combat skill increases to level 6!
You have reached level 5!
Unknown command.
You start resting.
You hear a shout! x9
Something unseen opens the door.
A human comes into view. It is wielding a +0 short sword.
You hear a shout!
You closely miss the human.
The human hits you with a +0 short sword.
You completely miss the human.
The human hits you with a +0 short sword.
You claw the human!
The human is moderately wounded.
The human hits you with a +0 short sword! x2
* * * LOW HITPOINT WARNING * * *
You are too injured to fight recklessly!
You are too injured to fight recklessly!
You claw the human!
The human is heavily wounded.
The human hits you with a +0 short sword!
* * * LOW HITPOINT WARNING * * *
You claw the human!
The human is severely wounded.
The human hits you with a +0 short sword!
You die...

▓...#......#####..#
▓..##....)..#!!#..#
▓##.##.##...#..#..###+#'##
##.##.###..##'#..#.......
▓#.####.##..###...'.⌠.....
▓.###..##..####...#...####
▓#..†..##..###....#.⌠.#
###..##...##.....#...#
##..##...h#......#+###
#..###..##p#.....# #..#
#.. ####....# ▓▓▓▓ ▓▓▓
▓▓▓▓▓▓


You could see a human (berserk).

Vanquished Creatures
  A water elemental (D)
  A scorpion (D)
  Jessica (D)
  A human (D)
  An endoplasm (D)
  2 rats (D)
7 creatures vanquished.

Notes
Turn   | Place    | Note
-------+----------+-------------------------------------------
     0 | D        | hellse the Troll Shapeshifter began the quest for the Orb.
     0 | D        | Reached XP level 1. HP: 18/18 MP: 0/0
    11 | D        | Reached skill level 1 in Fighting
    26 | D        | Noticed Jessica
    30 | D        | Killed Jessica
    31 | D        | Reached skill level 4 in Unarmed Combat
    31 | D        | Reached XP level 2. HP: 19/29 MP: 1/1
    50 | D        | Reached XP level 3. HP: 36/36 MP: 2/2
    55 | D        | Noticed a scorpion
    78 | D        | Killed a scorpion
    79 | D        | Reached skill level 5 in Unarmed Combat
    79 | D        | Reached skill level 5 in Shapeshifting
    79 | D        | Reached XP level 4. HP: 48/48 MP: 3/3
    97 | D        | Noticed a water elemental
   101 | D        | HP: 1/48 [water elemental (13)]
   103 | D        | Killed a water elemental
   104 | D        | Reached skill level 5 in Fighting
   104 | D        | Reached skill level 6 in Unarmed Combat
   104 | D        | Reached XP level 5. HP: 5/57 MP: 4/4
   131 | D        | Noticed a human
   143 | D        | HP: 2/57 [human/+0 short sword (16)]
   144 | D        | Mangled by a human

Illustrated notes

Levels and vault maps discovered:
D:        dungeon_sprint_mu [sprint_mu_entry_cave, sprint_mu_temple_rooms,
          sprint_mu_d1_spiders, sprint_mu_d2_genie, sprint_mu_d3_branching,
          sprint_mu_orc_legion, sprint_mu_elf_gauntlet, sprint_mu_hive_nellie,
          sprint_mu_lair_fedhas, sprint_mu_vaults_butterflies,
          sprint_mu_slime_circle, sprint_mu_shoals_archi,
          sprint_mu_snake_twists, sprint_mu_blade_basic,
          sprint_mu_crypt_chambers, sprint_mu_tomb_spiral,
          sprint_mu_vestibule_basic, sprint_mu_gehenna_hellfire,
          sprint_mu_dis_giant, sprint_mu_tartarus_statrot,
          sprint_mu_cocytus_islands, sprint_mu_zot1]

Skill      XL: |  1  2  3  4 |
---------------+-------------+-----
Fighting       | 2 4 5 |  5.1
Unarmed Combat | 4 5 6 |  6.7
Shapeshifting  | 4 5 |  5.9
Dodging        | |  1.5

Action                     |  1- 3 |  4- 6 || total
---------------------------+-------+-------++-------
  Melee: Unarmed           |    19 |     9 ||    28
    Use: Potion            |       |     1 ||     1
 Armour: Animal skin       |     1 |       ||     1
  Dodge: Dodged            |     4 |       ||     4

Table legend: (Time is in decaauts)
 A = Elapsed time spent in this place.
 B = Non-inter-level travel time spent in this place.
 C = Inter-level travel time spent in this place.
 D = Time resting spent in this place.
 E = Time spent auto-exploring this place.
 F = Levels seen in this place.
 G = Mean time per level.
                   A        B        C        D        E       F      G
               +--------+--------+--------+--------+--------+-----+--------+
         Total |    141 |    141 |      0 |     36 |     14 |   1 |  141.0 |
       Dungeon |    141 |    141 |      0 |     36 |     14 |   1 |  141.0 |
               +--------+--------+--------+--------+--------+-----+--------+

Top non-repeatable levels by time:
       D: 141 daAuts
